 Dungeon Crawl Stone Soup version 0.19.1-1-g22dce08 (webtiles) character file.

3899 galech the Blocker (level 10, -4/94 HPs)
             Began as a Deep Dwarf Fighter on Dec 28, 2016.
             Was an Initiate of Makhleb.
             Slain by Arnot's ghost (14 damage)
             ... on level 8 of the Dungeon.
             The game lasted 00:19:54 (6036 turns).

galech the Blocker (Deep Dwarf Fighter)             Turns: 6036, Time: 00:19:54

Health: -4/94      AC: 10    Str: 20    XL:     10   Next: 0%
Magic:  7/7        EV:  8    Int:  7    God:    Makhleb [......]
Gold:   397        SH: 12    Dex: 15    Spells: 0 memorised, 9 levels left

rFire  . . .     SeeInvis +     a - +1 war axe
rCold  . . .     Gourm    .     b - +0 scale mail
rNeg   . . .     Faith    .     c - +1 shield
rPois  +         Spirit   .     (helmet restricted)
rElec  .         Reflect  .     (no cloak)
rCorr  .         Harm     .     o - +0 pair of gloves
MR     +....     Rnd*Tele +     (no boots)
Stlth  ..........               (no amulet)
                                G - ring of poison resistance
                                n - ring of see invisible

@: non-regenerating
A: damage resistance, recharge devices, antennae 1, talons 1, dopey 1, sense
surroundings 2, shaggy fur 1, slow regeneration 3, teleportitis 1
a: Device Recharging, Renounce Religion


You were on level 8 of the Dungeon.
You worshipped Makhleb.
Makhleb was noncommittal.
You were hungry.

You visited 2 branches of the dungeon, and saw 9 of its levels.
You also visited: Ossuary.

You collected 461 gold pieces.
You spent 64 gold pieces at shops.

Inventory:

Hand Weapons
 a - a +1 war axe (weapon)
Armour
 b - a +0 scale mail (worn)
 c - a +1 shield (worn)
 o - a +0 pair of gloves (worn)
Jewellery
 n - a ring of see invisible (left hand)
 x - an uncursed ring of protection from cold
 G - a ring of poison resistance (right hand)
 L - a cursed ring of magical power {unknown}
Wands
 e - a wand of heal wounds (0/9)
 u - a wand of slowing (23/48)
 v - a wand of polymorph (10/24)
 w - a wand of teleportation (2/9)
 J - a wand of lightning (6/15)
Scrolls
 i - a scroll of enchant weapon
 j - 5 scrolls of remove curse
 k - a scroll of recharging
 l - 2 scrolls of identify
 p - a scroll of fog
 y - 3 scrolls of magic mapping
 E - 2 scrolls of immolation {unknown}
 I - a scroll of teleportation {unknown}
 M - 2 scrolls of fear
Potions
 d - 2 potions of might
 g - 4 potions of curing {unknown}
 m - 3 potions of brilliance {unknown}
 q - 3 potions of agility {unknown}
 s - a potion of degeneration {unknown}
 t - 3 potions of heal wounds {unknown}
 A - a potion of lignification {unknown}
 B - 3 potions of invisibility {unknown}
 C - a potion of ambrosia {unknown}
 D - 2 potions of flight
 F - a potion of haste {unknown}
Comestibles
 f - 7 bread rations
 h - a slice of pizza
 r - 2 beef jerkies
 z - 4 fruits
 H - a meat ration


   Skills:
 + Level 7.0 Fighting
 + Level 8.4 Axes
 + Level 8.4 Armour
 - Level 0.2 Dodging
 + Level 8.6 Shields


You had 9 spell levels left.
You didn't know any spells.

Dungeon Overview and Level Annotations

Branches:
Dungeon (8/15)             Temple (1/1) D:7
   Lair: D:8-11

Altars:
Ashenzari
Cheibriados
Dithmenos
Elyvilon
Fedhas
Gozag
Hepliaklqana
Kikubaaqudgha
Makhleb
Nemelex Xobeh
Okawaru
Qazlal
Ru
Sif Muna
Trog
Uskayaw
Vehumet
Xom
Yredelemnul
Zin

Shops:
D:6 !   D:7 (

Annotations:
D:7 1 runed door
D:8 Arnot's ghost, novice MiBe


Innate Abilities, Weirdness & Mutations

You are resistant to damage.
You can recharge devices by infusing magical energy.
You passively map the area around you.
You do not regenerate.
You have a pair of small antennae on your head.
You have sharp toenails.
You are dopey. (Int -2)
You are covered in fur. (AC +1)
You are occasionally teleported next to monsters.


Message History

Arnot's ghost is lightly damaged.
You block Arnot's ghost's attack.
You hit Arnot's ghost but do no damage.
You claw Arnot's ghost, but do no damage.
Arnot's ghost is lightly damaged.
Arnot's ghost hits you.
You closely miss Arnot's ghost.
You claw Arnot's ghost, but do no damage.
Arnot's ghost is lightly damaged.
Arnot's ghost closely misses you.
You hit Arnot's ghost but do no damage.
You claw Arnot's ghost, but do no damage.
Arnot's ghost is lightly damaged.
Arnot's ghost hits you!
* * * LOW HITPOINT WARNING * * *
You slash Arnot's ghost!
You claw Arnot's ghost, but do no damage.
Arnot's ghost is moderately damaged.
Arnot's ghost hits you!
You die...

,, , * * * * .......... ,*
,, * *,.........,, ,
....,, ,, .>....... ,,....
, *,........., ##.......,
........## *.......#### *
......... ,.......... ,
........####.#......#*
......W@?....#......###
*,........#..####.......##
........#.....#.........
.^......#.###..........#
..........# ###.......## *
.........## #.......##
.........* #####..#..... *
(......... [>).......... ,
....< * #...........


You could see Arnot's ghost.

Vanquished Creatures
  Pikel (D:4)
  The ghost of galech the Covered, an amateur DDFi (D:4)
  A hippogriff (D:8)
  A wraith (D:5)
  Eustachio (D:5)
  A hungry ghost (D:8)
  Edmund (D:5)
  A black bear (D:7)
  A phantom (D:5)
  A sky beast (D:7)
  2 centaurs
  5 ogres
  2 elf zombies (Ossuary)
  2 bullfrogs (D:6)
  A scorpion (D:7)
  A howler monkey (D:7)
  5 crimson imps
  A centaur zombie (D:7)
  A bullfrog zombie (D:8)
  5 jellies
  A human zombie (Ossuary)
  3 hounds (D:5)
  Crazy Yiuf (D:3)
  A bullfrog skeleton (D:7)
  A gnoll shaman (D:5)
  5 orc priests
  2 orc wizards
  An iguana (D:6)
  4 worker ants
  A big kobold zombie (Ossuary)
  A hound zombie (D:6)
  3 mummies (Ossuary)
  2 worker ant zombies
  Robin (D:4)
  13 adders
  3 gnolls (D:5)
  A shadow imp (D:5)
  2 oozes (D:1)
  5 adder zombies
  2 worms (D:4)
  2 dart slugs
  7 leopard geckos
  15 orcs
  A bat zombie (D:1)
  4 giant cockroaches
  15 goblins
  11 hobgoblins
  6 jackals
  8 kobolds
  3 quokkas
  6 bats
  3 frilled lizards
  3 goblin zombies (Ossuary)
  2 hobgoblin zombies (Ossuary)
  A kobold zombie (Ossuary)
  A quokka zombie (Ossuary)
  6 rats
  3 rat zombies (Ossuary)
  4 fungi (D:3)
189 creatures vanquished.

Vanquished Creatures (others)
  2 orc priests (D:4)
  3 orcs (D:4)
  A giant cockroach (D:4)
  A giant cockroach zombie (D:4)
  8 fungi (D:5)
15 creatures vanquished.

Grand Total: 204 creatures vanquished

Notes
Turn   | Place    | Note
-------+----------+-------------------------------------------
     0 | D:1      | galech the Deep Dwarf Fighter began the quest for the Orb.
     0 | D:1      | Reached XP level 1. HP: 20/20 MP: 1/1
    60 | D:1      | Reached XP level 2. HP: 24/27 MP: 2/2
   250 | D:1      | Reached XP level 3. HP: 25/34 MP: 3/3
   853 | D:2      | Found a sparkling altar of Nemelex Xobeh.
   933 | D:2      | Found a faded altar of an unknown god.
   960 | D:2      | Found a bloodstained altar of Trog.
  1084 | D:2      | Reached XP level 4. HP: 25/42 MP: 4/4
  1095 | D:2      | Found a basalt altar of Yredelemnul.
  1468 | D:3      | Found a snail-covered altar of Cheibriados.
  2262 | D:3      | Found a runed door.
  2266 | D:3      | Noticed Crazy Yiuf
  2281 | D:3      | Paralysed by Crazy Yiuf for 7 turns
  2289 | D:3      | Killed Crazy Yiuf
  2289 | D:3      | Reached XP level 5. HP: 17/49 MP: 3/5
  2506 | D:4      | Noticed galech's ghost (amateur DDFi)
  2547 | D:4      | Killed galech's ghost
  2547 | D:4      | Reached skill level 5 in Shields
  2547 | D:4      | Reached XP level 6. HP: 19/57 MP: 6/6
  2575 | D:4      | Noticed a slave
  2576 | D:4      | Noticed Pikel
  2577 | D:4      | Noticed a slave
  2578 | D:4      | Noticed a slave
  2597 | D:4      | Killed Pikel
  2597 | D:4      | Reached skill level 5 in Axes
  2597 | D:4      | Reached skill level 5 in Armour
  2597 | D:4      | Reached XP level 7. HP: 43/66 MP: 7/7
  2698 | D:4      | Noticed Robin
  2706 | D:4      | Killed Robin
  2726 | D:4      | Reached skill level 5 in Fighting
  2726 | D:4      | Reached XP level 8. HP: 25/74 MP: 8/8
  2998 | D:5      | Entered Level 5 of the Dungeon
  2998 | D:5      | Noticed Edmund
  3003 | D:5      | Noticed Eustachio
  3021 | D:5      | Killed Edmund
  3029 | D:5      | Killed Eustachio
  3126 | D:5      | Found a snail-covered altar of Cheibriados.
  3127 | D:5      | Found a radiant altar of Vehumet.
  3471 | D:5      | Found a sand-covered staircase.
  3476 | Ossuary  | Entered an ossuary
  3706 | D:5      | Gained mutation: You passively map the area around you. [Deep Dwarf growth]
  3706 | D:5      | Reached XP level 9. HP: 53/82 MP: 8/8
  3730 | D:5      | Found a hazy altar of Hepliaklqana.
  4678 | D:6      | Found Saredwu's Distillery.
  4683 | D:6      | Bought a potion of mutation for 32 gold pieces
  4683 | D:6      | Bought a potion of mutation for 32 gold pieces
  4683 | D:6      | Gained mutation: You are dopey. (Int -2) [potion of mutation]
  4683 | D:6      | Gained mutation: You have a pair of small antennae on your head. [potion of mutation]
  4684 | D:6      | Gained mutation: You have sharp toenails. [potion of mutation]
  4684 | D:6      | Gained mutation: You are occasionally teleported next to monsters. [potion of mutation]
  4684 | D:6      | Gained mutation: Your spells are a little easier to cast, but a little less powerful. [potion of mutation]
  4685 | D:6      | Lost mutation: You are dopey. (Int -2) [potion of mutation]
  4685 | D:6      | Gained mutation: You are dopey. (Int -2) [potion of mutation]
  4686 | D:6      | Gained mutation: You are covered in fur. (AC +1) [potion of mutation]
  4686 | D:6      | Lost mutation: Your spells are a little easier to cast, but a little less powerful. [potion of mutation]
  5185 | D:7      | Found a staircase to the Ecumenical Temple.
  5215 | Temple   | Entered the Ecumenical Temple
  5369 | Temple   | Became a worshipper of Makhleb the Destroyer
  5579 | D:7      | Found Ymusa's Antique Weapon Shoppe.
  5763 | D:7      | Found a glowing silver altar of Zin.
  5763 | D:7      | Noticed an angel
  5764 | D:7      | Found a runed door.
  6009 | D:8      | Noticed Arnot's ghost (novice MiBe)
  6025 | D:8      | Reached XP level 10. HP: 60/94 MP: 7/7
  6036 | D:8      | Slain by Arnot's ghost

Skill      XL: |  1  2  3  4  5  6  7  8  9 |
---------------+----------------------------+-----
Fighting       | 3 4 5 6 7 |  7.0
Axes           | 3 4 5 6 8 |  8.4
Shields        | 4 5 6 7 8 |  8.6
Armour         | 4 5 6 7 8 |  8.4
Dodging        | |  0.2

Action                   |  1- 3 |  4- 6 |  7- 9 | 10-12 || total
-------------------------+-------+-------+-------+-------++-------
Melee: War axe           |   105 |   236 |   473 |    11 ||   825
       Kick              |       |       |    56 |     4 ||    60
 Abil: Device Recharging |       |       |     3 |       ||     3
Evoke: Wand              |       |     5 |    15 |       ||    20
  Use: Scroll            |       |     7 |     7 |       ||    14
       Potion            |       |       |     4 |       ||     4
  Eat: Chunk             |     1 |     5 |     4 |       ||    10
       Meat ration       |       |       |     2 |       ||     2
Armor: Scale mail        |    49 |    88 |   158 |       ||   295
Dodge: Dodged            |    42 |    49 |   132 |     1 ||   224
Block: Shield            |    75 |   108 |   280 |     5 ||   468
